AoeStats
← BOT Unko

Arabia

513094271Analyzed
1v1 RM · 5d ago on Oct 12, 2026· 34m 1s· 2 players
Game mode
Random Map
Map size
Tiny (2 player)
Population
200
Speed
Normal
Resources
Standard
Victory
Conquest
Starting age
Dark Age
Ending age
Imperial Age
RankedLock teamsTeams togetherTeam positionsShared explorationLock speedFull tech treeHidden civsTurbo modeCheats
Victory
Defeat
🇨🇱 Goths · Chile
1033
+15
vs
🇦🇺 Lithuanians · Australia
1005
-15
BOT Unko
9:25 Loom
11:34 Feudal Age
11:55 Man-at-Arms
13:15 Arson
13:47 Scale Mail Armor
18:16 Double-Bit Axe
19:51 Fletching
20:55 Horse Collar
26:48 Castle Age
27:10 Bloodlines
27:09 Scale Barding Armor
28:17 Wheelbarrow
27:54 Bodkin Arrow
27:40 Crossbowman
30:32 Thumb Ring
30:57 Bow Saw
32:40 Ballistics
Titario
10:39 Feudal Age
10:21 Loom
12:58 Man-at-Arms
20:41 Castle Age
22:50 Horse Collar
22:57 Double-Bit Axe
27:54 Stone Mining
28:20 Scale Mail Armor
30:21 Chain Mail Armor
34:01 Forging
33:56 Squires
Connection lost

Rejoining the realm…

Still unreachable

The connection could not be restored.

Session expired

The server has moved on; the page needs a fresh start.